 Dungeon Crawl Stone Soup version 0.19.4-9-g45fd643 (webtiles) character file.

237 protoss039 the Conjurer (level 5, -6/45 HPs)
             Began as a Draconian Conjurer on Feb 16, 2017.
             Killed from afar by Dowan (17 damage)
             ... with a stone arrow
             ... on level 4 of the Dungeon.
             The game lasted 00:19:03 (2100 turns).

protoss039 the Conjurer (Draconian Conjurer)        Turns: 2100, Time: 00:19:33

Health: -6/45      AC:  8    Str: 10    XL:     5   Next: 77%
Magic:  2/10       EV: 12    Int: 15    God:
Gold:   159        SH:  0    Dex: 13    Spells: 2 memorised, 8 levels left

rFire  . . .     SeeInvis .     l - +0 spear (curse)
rCold  . . .     Gourm    .     (armour unavailable)
rNeg   . . .     Faith    .     (no shield)
rPois  .         Spirit   .     (helmet restricted)
rElec  .         Reflect  .     h - +1 cloak
rCorr  .         Harm     .     (no gloves)
MR     .....                    m - +0 pair of boots
Stlth  ++........               (no amulet)
                                (no ring)
                                (no ring)

@: lethally poisoned (-6 -> -7)
A: unfitting armour, stinger 1, agile 1, dopey 1, cold-blooded, AC +5
a: no special abilities


You were on level 4 of the Dungeon.
You were not hungry.

You visited 1 branch of the dungeon, and saw 6 of its levels.

You collected 159 gold pieces.

Inventory:

Hand Weapons
 e - a +0 spear
 l - a cursed +0 spear (weapon)
 q - a +3 flail
Armour
 h - a +1 cloak (worn)
 m - a +0 pair of boots (worn)
Jewellery
 j - an uncursed ring of wizardry {unknown}
 s - an uncursed ring of resist corrosion {unknown}
Wands
 t - a wand of confusion (29/48)
Scrolls
 k - 2 scrolls of amnesia
 o - a scroll of teleportation {unknown}
 r - a scroll of noise {unknown}
 u - a scroll of identify
Potions
 f - a potion of resistance {unknown}
 g - a potion of invisibility {unknown}
 i - a potion of cure mutation {unknown}
Books
 a - a book of Conjurations

   Spells                             Type                      Level
   a - Magic Dart                     Conjuration                  1
   b - Searing Ray                    Conjuration                  2
   c - Dazzling Spray                 Conjuration/Hexes            3
   d - Fulminant Prism                Conjuration/Hexes            4
   e - Iskenderun's Mystic Blast      Conjuration                  4
   f - Iskenderun's Battlesphere      Conjuration/Charms           5
Comestibles
 b - 2 bread rations
 d - a meat ration
 n - 4 fruits
 p - a chunk of flesh


   Skills:
 + Level 3.3 Fighting
 - Level 1.7 Dodging
 - Level 1.7 Stealth
 + Level 3.5 Spellcasting
 - Level 5.3 Conjurations


You had 8 spell levels left.
You knew the following spells:

 Your Spells              Type           Power        Failure   Level  Hunger
a - Magic Dart            Conj           ###.         1%          1    None
b - Searing Ray           Conj           ###...       3%          2    ##.....


Dungeon Overview and Level Annotations

Branches:
Dungeon (6/15)
 Temple: D:4-7

Altars:
Qazlal

Annotations:
D:4 Dowan, Edmund
D:6 Blork the orc


Innate Abilities, Weirdness & Mutations

Your plain brown scales are hard. (AC +5)
You cannot fit into any form of body armour.
You are cold-blooded and may be slowed by cold attacks.
Your tail ends in a poisonous barb.
You are agile. (Dex +2)
You are dopey. (Int -2)


Message History

You hit Dowan.
Dowan is heavily wounded.
Dowan mumbles some strange words.
Dowan blinks!
Dowan points at you and mumbles some strange words.
The shard of ice hits you!
* * * LOW HITPOINT WARNING * * *
Unknown command.
Okay, then.
Unknown command.
Unknown command.
Okay, then.
Unknown command.
It was a potion of mutation.
You feel extremely strange.
You feel agile.
A poisonous barb forms on the end of your tail.
You feel stupid. Dowan casts a spell at you. The stone arrow hits you!
You die...

...................
.######.#.#..##..#
.######.#.#..##..#. .
.......>...........
..#
.######......##..#.
.............e........
#(..#####.#.##.##.##.
.##...#####.#.##.##.#
.........@..........#
.##..e...^.)......###
#...#####.####### #...
#.#.# .... #.#.#
.##...#####.#.#
..........#.########
.##..................
#.######.#.########


You could see Dowan.

Vanquished Creatures
  Duvessa (D:4)
  An orc wizard (D:6)
  A hound skeleton (D:4)
  4 adders
  An ooze (D:4)
  A dart slug (D:1)
  5 leopard geckos
  3 orcs (D:6)
  A ball python (D:2)
  2 giant cockroaches (D:2)
  A goblin (D:2)
  3 hobgoblins
  2 quokkas
  4 bats
  4 frilled lizards
  8 kobolds
  A quokka zombie (D:5)
  6 rats
49 creatures vanquished.

Notes
Turn   | Place    | Note
-------+----------+-------------------------------------------
     0 | D:1      | protoss039 the Draconian Conjurer began the quest for the Orb.
     0 | D:1      | Reached XP level 1. HP: 14/14 MP: 3/3
   173 | D:1      | Reached XP level 2. HP: 20/20 MP: 0/5
   246 | D:1      | Learned a level 2 spell: Searing Ray
   509 | D:1      | You fall through a shaft!
   760 | D:2      | Reached skill level 5 in Conjurations
   760 | D:2      | Reached XP level 3. HP: 26/26 MP: 0/6
  1237 | D:2      | Reached XP level 4. HP: 33/34 MP: 5/7
  1343 | D:3      | Reached skill level 1 in Fighting
  1378 | D:3      | You fall through a shaft for 3 floors!
  1463 | D:6      | Noticed Blork the orc
  1661 | D:5      | Entered Level 5 of the Dungeon
  1662 | D:5      | Found a stormy altar of Qazlal.
  1991 | D:4      | Noticed Edmund
  2041 | D:4      | Noticed Duvessa
  2043 | D:4      | Noticed Dowan
  2078 | D:4      | Killed Duvessa
  2078 | D:4      | Reached XP level 5. HP: 41/45 MP: 1/10
  2100 | D:4      | Gained mutation: You are agile. (Dex +2) [potion of mutation]
  2100 | D:4      | Gained mutation: Your tail ends in a poisonous barb. [potion of mutation]
  2100 | D:4      | Gained mutation: You are dopey. (Int -2) [potion of mutation]
  2100 | D:4      | Killed from afar by Dowan

Skill      XL: |  1  2  3  4 |
---------------+-------------+-----
Conjurations   | 5 |  5.3
Fighting       | 3 |  3.3
Spellcasting   | 3 |  3.5
Dodging        | |  1.7
Stealth        | |  1.7

Action                   |  1- 3 |  4- 6 || total
-------------------------+-------+-------++-------
Melee: Spear             |    38 |   171 ||   209
       Unarmed           |     2 |       ||     2
       Tailslap          |     4 |    13 ||    17
 Cast: Magic Dart        |    48 |    33 ||    81
       Searing Ray       |     6 |     3 ||     9
  Use: Scroll            |     5 |       ||     5
       Potion            |       |     3 ||     3
  Eat: Chunk             |     2 |     2 ||     4
       Pizza             |       |     1 ||     1
Armor: Skin              |    17 |    62 ||    79
Dodge: Dodged            |    22 |    80 ||   102
